PCL
COLORADO SPRINGS SKY SOX @ NEW ORLEANS ZEPHYRS
07/09/2099
 
TOP OF THE 1ST
Colorado Springs Sky Sox batting - Pitching for New Orleans Zephyrs : RHP Kevin Ball
Pitching: RHP Kevin Ball
Batting: LHB Ernie Vavro 0-0: Ball
1-0: Ball
2-0: Ball
3-0: Called Strike
3-1: Fly out, F7 (Line Drive, 78M, EV 96.3 MPH)
Batting: LHB Gil Lopez 0-0: Ball
1-0: Fly out, F7 (Flyball, 7, EV 89.4 MPH)
Batting: RHB John Gallegos 0-0: Ball
1-0: Ball
2-0: Foul Ball, location: 3F
2-1: Foul Ball, location: 3DF
2-2: Foul Ball, location: 7LSF
2-2: Foul Ball, location: 9LSF
2-2: Ball
3-2: Strikes out swinging
Top of the 1st over - 0 runs, 0 hits, 0 errors, 0 left on base; Colorado Springs 0 - New Orleans 0
BOTTOM OF THE 1ST
New Orleans Zephyrs batting - Pitching for Colorado Springs Sky Sox : LHP Bill Amparan
Pitching: LHP Bill Amparan
Batting: RHB Nick Allen 0-0: Ball
1-0: SINGLE (Line Drive, 9S, EV 91.3 MPH)
Batting: SHB Melvin Amezcua 0-0: Fly out, F9 (Flyball, 9S, EV 90.0 MPH)
Batting: RHB James Austill 0-0: Ball
1-0: Swinging Strike
1-1: Ball
2-1: Ball
3-1: DOUBLE (Flyball, 8RXD, EV 108.1 MPH)
Nick Allen to third
Runner from 3rd tries for Home, SAFE, throw by CF to trailing runner, SAFE at third!
Batting: SHB Everett Anderson 0-0: Foul Ball, location: 2F
0-1: Foul Ball, location: 2F
0-2: Ball
1-2: Strikes out looking
Batting: LHB Antonio Aviles 0-0: Ball
1-0: Fly out, F7 (Flyball, 7S, EV 80.6 MPH)
Bottom of the 1st over - 1 run, 2 hits, 0 errors, 1 left on base; Colorado Springs 0 - New Orleans 1
TOP OF THE 2ND
Colorado Springs Sky Sox batting - Pitching for New Orleans Zephyrs : RHP Kevin Ball
Batting: SHB Juan Velasquez 0-0: Ball
1-0: Ball
2-0: Ball
3-0: Called Strike
3-1: Called Strike
3-2: SOLO HOME RUN (Flyball, 9D, EV 95.6 MPH), Distance : 362 ft
Batting: RHB Billy Weil 0-0: Foul Ball, location: 5FF
0-1: Ball
1-1: Swinging Strike
1-2: Ball
2-2: SINGLE (Line Drive, 8LS, EV 110.6 MPH)
Batting: RHB Marshall Iles 0-0: Swinging Strike
0-1: Called Strike
0-2: Strikes out looking
Batting: RHB Eliezer Frias 0-0: Fly out, F7 (Flyball, 7S, EV 96.3 MPH)
Batting: RHB Vinny Prestage 0-0: Foul Ball, location: 2F
0-1: Ball
1-1: SINGLE (Groundball, 34D, EV 104.4 MPH)
Billy Weil to second
Batting: RHB Mike Orellana 0-0: Ball
1-0: Foul Ball, location: 9LSF
1-1: SINGLE (Line Drive, 34, EV 108.1 MPH)
Billy Weil to third
Vinny Prestage to second
Batting: LHB Ernie Vavro 0-0: Ball
1-0: Called Strike
1-1: Ground out U3 (Groundball, 3S, EV 86.9 MPH)
Top of the 2nd over - 1 run, 4 hits, 0 errors, 3 left on base; Colorado Springs 1 - New Orleans 1
BOTTOM OF THE 2ND
New Orleans Zephyrs batting - Pitching for Colorado Springs Sky Sox : LHP Bill Amparan
Batting: LHB Joe Bell 0-0: Ball
1-0: Ball
2-0: Ball
3-0: Ground out 4-3 (Groundball, 4, EV 100.6 MPH)
Batting: LHB Joe Krause 0-0: SINGLE (Groundball, 15, EV 66.9 MPH) (infield hit)
Batting: RHB Francisco Santana 0-0: Ball
1-0: Foul Ball, location: 25F
1-1: Grounds into double play, 5-4-3 (Groundball, 5, EV 105.6 MPH)
Bottom of the 2nd over - 0 runs, 1 hit, 0 errors, 0 left on base; Colorado Springs 1 - New Orleans 1
TOP OF THE 3RD
Colorado Springs Sky Sox batting - Pitching for New Orleans Zephyrs : RHP Kevin Ball
Batting: LHB Gil Lopez 0-0: Ball
1-0: Ball
2-0: Ball
3-0: Called Strike
3-1: Called Strike
3-2: Foul Ball, location: 7LMF
3-2: Foul Ball, location: 3FF
3-2: Fly out, F8 (Flyball, 8LXD, EV 106.3 MPH)
Batting: RHB John Gallegos 0-0: Ball
1-0: Called Strike
1-1: Ball
2-1: Foul Ball, location: 2F
2-2: Ground out 1-3 (Groundball, 15S, EV 75.6 MPH)
Batting: SHB Juan Velasquez 0-0: Ball
1-0: Called Strike
1-1: Ball
2-1: Called Strike
2-2: Ground out U3 (Groundball, 34, EV 102.5 MPH)
Top of the 3rd over - 0 runs, 0 hits, 0 errors, 0 left on base; Colorado Springs 1 - New Orleans 1
BOTTOM OF THE 3RD
New Orleans Zephyrs batting - Pitching for Colorado Springs Sky Sox : LHP Bill Amparan
Batting: RHB Kevin Dorsey 0-0: Called Strike
0-1: Called Strike
0-2: Ball
1-2: SINGLE (Line Drive, 6D, EV 98.1 MPH)
Batting: RHB Nick Allen 0-0: Called Strike
0-1: Ball
1-1: Fielders Choice at 2nd, 5-4 (Groundball, 56, EV 86.9 MPH)
Batting: SHB Melvin Amezcua 0-0: Foul Ball, location: 5F
0-1: Foul Ball, location: 2F
0-2: Ball
1-2: Ball
2-2: Ball
3-2: Foul Ball, location: 3FF
3-2: Foul Ball, location: 23F
3-2: 2-RUN HOME RUN (Flyball, 78XD, EV 105.6 MPH), Distance : 425 ft
Batting: RHB James Austill 0-0: Swinging Strike
0-1: Called Strike
0-2: Ball
1-2: Foul Ball, location: 2RF
1-2: Ball
2-2: Ball
3-2: Fly out, F3 (Line Drive, 34D, EV 71.9 MPH)
Batting: SHB Everett Anderson 0-0: Called Strike
0-1: Ball
1-1: Ball
2-1: Called Strike
2-2: Ball
3-2: Base on Balls
Batting: LHB Antonio Aviles 0-0: Swinging Strike
0-1: Called Strike
0-2: Ball
1-2: Ball
2-2: Strikes out swinging
Bottom of the 3rd over - 2 runs, 2 hits, 0 errors, 1 left on base; Colorado Springs 1 - New Orleans 3
TOP OF THE 4TH
Colorado Springs Sky Sox batting - Pitching for New Orleans Zephyrs : RHP Kevin Ball
Batting: RHB Billy Weil 0-0: Ball
1-0: Foul Ball, location: 2F
1-1: Ball
2-1: Ground out 1-3 (Groundball, P, EV 68.8 MPH)
Batting: RHB Marshall Iles 0-0: Ball
1-0: Called Strike
1-1: Ball
2-1: Ball
3-1: Called Strike
3-2: Fly out, F8 (Flyball, 8RM, EV 98.1 MPH)
Batting: RHB Eliezer Frias 0-0: Foul Ball, location: 3DF
0-1: Ball
1-1: Ball
2-1: Fly out, F9 (Line Drive, 9, EV 98.1 MPH)
Top of the 4th over - 0 runs, 0 hits, 0 errors, 0 left on base; Colorado Springs 1 - New Orleans 3
BOTTOM OF THE 4TH
New Orleans Zephyrs batting - Pitching for Colorado Springs Sky Sox : LHP Bill Amparan
Batting: LHB Joe Bell 0-0: Called Strike
0-1: Ground out 4-3 (Groundball, 4, EV 100.0 MPH)
Batting: LHB Joe Krause 0-0: Swinging Strike
0-1: Foul Ball, location: 3F
0-2: Ball
1-2: Ball
2-2: Strikes out swinging, 2-3 out at first.
Batting: RHB Francisco Santana 0-0: Swinging Strike
0-1: Swinging Strike
0-2: Ball
1-2: Strikes out swinging
Bottom of the 4th over - 0 runs, 0 hits, 0 errors, 0 left on base; Colorado Springs 1 - New Orleans 3
TOP OF THE 5TH
Colorado Springs Sky Sox batting - Pitching for New Orleans Zephyrs : RHP Kevin Ball
Batting: RHB Vinny Prestage 0-0: Ball
1-0: Swinging Strike
1-1: Called Strike
1-2: Ball
2-2: Ball
3-2: Strikes out looking
Batting: RHB Mike Orellana 0-0: Called Strike
0-1: Ball
1-1: DOUBLE (Line Drive, 9LM, EV 105.0 MPH)
Batting: LHB Ernie Vavro 0-0: Called Strike
0-1: Called Strike
0-2: Strikes out swinging
Batting: LHB Gil Lopez 0-0: Ball
1-0: Fly out, F8 (Flyball, 8RD, EV 94.4 MPH)
Top of the 5th over - 0 runs, 1 hit, 0 errors, 1 left on base; Colorado Springs 1 - New Orleans 3
BOTTOM OF THE 5TH
New Orleans Zephyrs batting - Pitching for Colorado Springs Sky Sox : LHP Bill Amparan
Batting: RHB Kevin Dorsey 0-0: Ball
1-0: Fly out, F9 (Flyball, 89D, EV 110.0 MPH)
Batting: RHB Nick Allen 0-0: Ball
1-0: Foul Ball, location: 25FF
1-1: Ball
2-1: Called Strike
2-2: SINGLE (Flyball, 56D, EV 94.4 MPH)
Batting: SHB Melvin Amezcua 0-0: Ball
1-0: Called Strike
1-1: Ball
2-1: Ball
3-1: Fly out, F9 (Flyball, 89S, EV 88.1 MPH)
Batting: RHB James Austill 0-0: Ball
1-0: Ball
2-0: Called Strike
Nick Allen steals 2nd base
2-1: Called Strike
2-2: Strikes out looking
Bottom of the 5th over - 0 runs, 1 hit, 0 errors, 1 left on base; Colorado Springs 1 - New Orleans 3
TOP OF THE 6TH
Colorado Springs Sky Sox batting - Pitching for New Orleans Zephyrs : RHP Kevin Ball
Batting: RHB John Gallegos 0-0: Ball
1-0: Ball
2-0: Foul Ball, location: 7LSFF
2-1: Ball
3-1: Foul Ball, location: 2F
3-2: Strikes out swinging
Batting: SHB Juan Velasquez 0-0: Swinging Strike
0-1: Ball
1-1: Swinging Strike
1-2: Strikes out swinging, 2-3 out at first.
Batting: RHB Billy Weil 0-0: Ball
1-0: Called Strike
1-1: Foul Ball, location: 2LF
1-2: Ball
2-2: Ball
3-2: Foul Ball, location: 2F
3-2: Single, Error in OF, E7, batter to second base (Groundball, 56D, EV 98.8 MPH)
Batting: RHB Marshall Iles 0-0: 2-RUN HOME RUN (Flyball, 8RXD, EV 113.1 MPH), Distance : 433 ft
Batting: RHB Eliezer Frias 0-0: Ball
1-0: Swinging Strike
1-1: Ball
2-1: Fly out, F9 (Flyball, 89M, EV 93.1 MPH)
Top of the 6th over - 2 runs, 2 hits, 1 error, 0 left on base; Colorado Springs 3 - New Orleans 3
BOTTOM OF THE 6TH
New Orleans Zephyrs batting - Pitching for Colorado Springs Sky Sox : LHP Bill Amparan
Batting: SHB Everett Anderson 0-0: Ball
1-0: SINGLE (Line Drive, 89S, EV 96.9 MPH)
Batting: LHB Antonio Aviles 0-0: Foul Ball, location: 7LDF
0-1: Ball
1-1: Ball
2-1: Called Strike
2-2: SINGLE (Groundball, 34D, EV 94.4 MPH)
Everett Anderson to second
Runner from 2nd tries for 3rd, SAFE, throw by RF made to third
Batting: LHB Joe Bell 0-0: Called Strike
0-1: Foul Ball, location: 25FF
0-2: Hit by Pitch
Antonio Aviles to second
Batting: LHB Joe Krause 0-0: Ball
1-0: Ball
2-0: Ball
3-0: Called Strike
3-1: Foul Ball, location: 7LMF
3-2: Strikes out looking
Batting: RHB Francisco Santana 0-0: Foul Ball, location: 2F
0-1: Fly out, F8 (Line Drive, 8RM, EV 88.1 MPH)
Runner from 3rd tags up, OUT at HOME! 8-2
Bottom of the 6th over - 0 runs, 2 hits, 0 errors, 2 left on base; Colorado Springs 3 - New Orleans 3
TOP OF THE 7TH
Colorado Springs Sky Sox batting - Pitching for New Orleans Zephyrs : RHP Kevin Ball
Batting: RHB Vinny Prestage 0-0: Fly out, F5 (Popup, 5SF, EV 74.4 MPH)
Batting: RHB Mike Orellana 0-0: Ball
1-0: Swinging Strike
1-1: Foul Ball, location: 9LDF
1-2: Ball
2-2: Ground out 6-3 (Groundball, 56, EV 83.8 MPH)
Batting: LHB Ernie Vavro 0-0: Called Strike
0-1: Swinging Strike
0-2: Ground out 4-3 (Groundball, 4, EV 88.1 MPH)
Top of the 7th over - 0 runs, 0 hits, 0 errors, 0 left on base; Colorado Springs 3 - New Orleans 3
BOTTOM OF THE 7TH
New Orleans Zephyrs batting - Pitching for Colorado Springs Sky Sox : LHP Bill Amparan
Batting: RHB Kevin Dorsey 0-0: Called Strike
0-1: Fly out, F7 (Flyball, 7LM, EV 90.6 MPH)
Batting: RHB Nick Allen 0-0: Called Strike
0-1: Called Strike
0-2: Ball
1-2: Ground out 6-3 (Groundball, 6S, EV 86.3 MPH)
Batting: SHB Melvin Amezcua 0-0: Ball
1-0: Ball
2-0: Called Strike
2-1: Called Strike
2-2: Fly out, F8 (Flyball, 78M, EV 88.1 MPH)
Bottom of the 7th over - 0 runs, 0 hits, 0 errors, 0 left on base; Colorado Springs 3 - New Orleans 3
TOP OF THE 8TH
Colorado Springs Sky Sox batting - Pitching for New Orleans Zephyrs : RHP Kevin Ball
Pitching: RHP Jonathan Garza
Batting: LHB Gil Lopez 0-0: Swinging Strike
0-1: Ground out 4-3 (Groundball, 4, EV 90.6 MPH)
Batting: RHB John Gallegos 0-0: Ball
1-0: Foul Ball, location: 2F
1-1: Fly out, F9 (Line Drive, 89M, EV 90.6 MPH)
Batting: SHB Juan Velasquez 0-0: Ball
1-0: Ball
2-0: Ball
3-0: Called Strike
3-1: Base on Balls
Batting: RHB Billy Weil 0-0: SINGLE (Line Drive, 6M, EV 96.3 MPH)
Juan Velasquez to second
Pinch Hitting: SHB Mikizo Kubo 0-0: Called Strike
0-1: Called Strike
0-2: Ball
1-2: Ball
2-2: Ball
3-2: Fly out, F6 (Popup, 6MS, EV 75.6 MPH)
Top of the 8th over - 0 runs, 1 hit, 0 errors, 2 left on base; Colorado Springs 3 - New Orleans 3
BOTTOM OF THE 8TH
New Orleans Zephyrs batting - Pitching for Colorado Springs Sky Sox : LHP Bill Amparan
Pitching: RHP Miguel Gutierrez
Now at 1B: Ivan Cano
Pinch Hitting: LHB Rick Alvarez 0-0: Ball
1-0: Ball
2-0: Ball
3-0: Base on Balls
Batting: SHB Everett Anderson 0-0: Ball
1-0: SINGLE (Flyball, 78S, EV 93.1 MPH)
Rick Alvarez to second
Pinch Runner at 2nd Bob Armas:
Batting: LHB Antonio Aviles 0-0: Foul Ball, location: 7LMF
0-1: Ball
1-1: Ball
2-1: Ball
3-1: Foul Ball, location: 7LSF
3-2: SINGLE (Groundball, 6M, EV 86.3 MPH) (infield hit)
Bob Armas to third
Everett Anderson to second
Batting: LHB Joe Bell 0-0: Called Strike
0-1: Ball
1-1: Foul Ball, location: 5FF
1-2: Ball
2-2: Ball
3-2: Strikes out swinging
Batting: LHB Joe Krause 0-0: Called Strike
0-1: Ball
1-1: Grounds into double play, 3-2-3 (Groundball, 34S, EV 68.1 MPH)
Bottom of the 8th over - 0 runs, 2 hits, 0 errors, 2 left on base; Colorado Springs 3 - New Orleans 3
TOP OF THE 9TH
Colorado Springs Sky Sox batting - Pitching for New Orleans Zephyrs : RHP Jonathan Garza
Now at 1B: Akira Nagata
Now in LF: Everett Anderson
Batting: LHB Shawn Smart 0-0: Called Strike
0-1: Foul Ball, location: 25FF
0-2: Strikes out looking
Batting: RHB Vinny Prestage 0-0: Ground out 4-3 (Groundball, 4, EV 90.0 MPH)
Batting: RHB Mike Orellana 0-0: Foul Ball, location: 3F
0-1: Ball
1-1: Ball
2-1: Called Strike
2-2: Foul Ball, location: 2F
2-2: DOUBLE (Flyball, 89D, EV 110.6 MPH)
Batting: LHB Ernie Vavro 0-0: Intentional Walk
Batting: LHB Gil Lopez 0-0: Called Strike
0-1: Fly out, F4 (Popup, 4S, EV 67.5 MPH)
Top of the 9th over - 0 runs, 1 hit, 0 errors, 2 left on base; Colorado Springs 3 - New Orleans 3
BOTTOM OF THE 9TH
New Orleans Zephyrs batting - Pitching for Colorado Springs Sky Sox : RHP Miguel Gutierrez
Batting: RHB Francisco Santana 0-0: Ball
1-0: Ball
2-0: Ground out U3 (Groundball, 34, EV 96.9 MPH)
Pinch Hitting: LHB Raul Gallegos 0-0: Called Strike
0-1: Ball
1-1: Called Strike
1-2: Foul Ball, location: 7LSF
1-2: Ball
2-2: Strikes out swinging
Batting: RHB Nick Allen 0-0: Ball
1-0: Swinging Strike
1-1: Ball
2-1: Foul Ball, location: 2F
2-2: Foul Ball, location: 2F
2-2: Ball
3-2: Fly out, F8 (Flyball, 8LM, EV 93.1 MPH)
Bottom of the 9th over - 0 runs, 0 hits, 0 errors, 0 left on base; Colorado Springs 3 - New Orleans 3
TOP OF THE 10TH
Colorado Springs Sky Sox batting - Pitching for New Orleans Zephyrs : RHP Jonathan Garza
Gil Lopez starts the inning at 2nd base.
Pitching: RHP John Gordon
Now at C: Malikai Dare
Batting: RHB John Gallegos 0-0: Ball
1-0: Ball
2-0: Foul Ball, location: 2F
2-1: Foul Ball, location: 5F
2-2: Fly out, F2 (Popup, 23F, EV 86.9 MPH)
Batting: SHB Juan Velasquez 0-0: Called Strike
0-1: Foul Ball, location: 9LSF
0-2: Strikes out swinging
Batting: RHB Billy Weil 0-0: Ball
1-0: Called Strike
1-1: SINGLE (Groundball, P, EV 83.1 MPH) (infield hit)
Gil Lopez to third
Pitching: LHP Jelani Kornegay
Batting: LHB Ivan Cano 0-0: Called Strike
0-1: Ball
1-1: Ball
2-1: Fly out, F9 (Flyball, 9LMF, EV 91.3 MPH)
Top of the 10th over - 0 runs, 1 hit, 0 errors, 2 left on base; Colorado Springs 3 - New Orleans 3
BOTTOM OF THE 10TH
New Orleans Zephyrs batting - Pitching for Colorado Springs Sky Sox : RHP Miguel Gutierrez
Nick Allen starts the inning at 2nd base.
Batting: SHB Melvin Amezcua 0-0: Ball
1-0: Ball
2-0: Ball
3-0: Base on Balls
Pitching: RHP Alex Espinal
Batting: SHB Akira Nagata 0-0: Called Strike
0-1: Called Strike
0-2: Ball
1-2: Ball
2-2: Ball
3-2: Foul Ball, location: 3FF
3-2: Foul Ball, location: 2F
3-2: SINGLE (Line Drive, 5D, EV 93.8 MPH)
Nick Allen to third
Melvin Amezcua to second
Runner from 3rd tries for Home, SAFE, throw by LF to home
Bottom of the 10th over - 1 run, 1 hit, 0 errors, 2 left on base; Colorado Springs 3 - New Orleans 4
Saturday, May 11th , 2024 - OOTP Baseball 24.11 Build 85